cohdb
Replays
Latest Replays
All Replays
Popular Replays
Top Player Replays
Match Explorer
How It Works
Community
CoH3 Stats
Reddit
Sign in to upload your games and track your stats! →
Sign in with Steam
Match 47189203
Unlisted
Match 47189203
Overview
Messages
Build Orders
End
Royal Engineer Section
Construct Section Command Post
Dingo Light Scout Car
Infantry Section
Vickers Machine Gun Team
Construct Field Infirmary
Construct Platoon Command Post
Unlock M3 Stuart Light Tanks
M3 Stuart Light Tank
Selects Air and Sea Battlegroup
Selects Supply Surplus
Royal Engineer Section
6-pounder Anti-tank Gun Team
Construct Company Command Post
Nubbl0r
StoNie
0
0
Comments
sign in to comment!
No comments posted yet!